Unix NetHack Version 5.0.0-0 post-release - last build May 31 2026 23:59:36 (970b52f25bf058293b47ddfd14a1e40e571c508c,branch:main).

Game began 2026-06-04 17:04:42, ended 2026-06-04 17:09:11.

Drastanta, lawful male human Knight

              ---         ---
     ----     |.--        ..
     |..-------..---      .
     |.............----  .. ---
     ------------<....---.-...|
                --............-
       --   --   |.....-..--
       -.----.-- |.......-.--
        ...|.... --.........|
          ......  |..G......|
           |....----........-
            -....---u....---.
               |()).)G...|
               |.)...--..|
               --.-..| ---
                ....--
               ------
Drastanta the Gallant    St:16 Dx:8 Co:12 In:9 Wi:14 Ch:17  Lawful
Dlvl:4  $:24 HP:0(19) Pw:7(7) AC:3  Xp:2 T:812 

Latest messages:
 You swap places with your saddled pony.
 You swap places with your saddled pony.
 You stop.  Your saddled pony is in the way!
 You swap places with your saddled pony.
 You swap places with your saddled pony.
 The gnome shoots 2 crossbow bolts!
 The 1st crossbow bolt misses.
 The 2nd crossbow bolt misses.
 You see here 2 crossbow bolts.
 The gnome shoots 2 crossbow bolts!
 You are hit by the 1st crossbow bolt.
 You are hit by the 2nd crossbow bolt!
 The gnome swings his crossbow.
 The gnome hits!
 The gnome shoots 2 crossbow bolts!
 You are almost hit by the 1st crossbow bolt.
 The 1st crossbow bolt misses.
 You are hit by the 2nd crossbow bolt.
 You miss the gnome.
 The gnome swings his crossbow.
 The gnome misses!
 The gnome attacks a spot beside you.
 You miss the gnome.
 You hit the gnome.
 The saddled pony misses the gnome.
 The saddled pony bites the gnome.
 The gnome swings her crossbow at the saddled pony.
 The gnome misses the saddled pony.
 The gnome shoots 2 crossbow bolts!
 The 1st crossbow bolt misses you.
 You are almost hit by the 2nd crossbow bolt.
 The saddled pony misses the gnome.
 The saddled pony misses the gnome.
 You kill the gnome!
 Welcome to experience level 2.
 The saddled pony misses the gnome lord.
 The saddled pony bites the gnome lord.
 The gnome lord hits the saddled pony.
 You kill the gnome!
 The gnome lord picks up 2 crossbow bolts.
 You see here 2 crossbow bolts.
 You see here a crossbow bolt.
 You see here a crossbow bolt.
 The gnome lord swings wildly and misses!
 You miss the gnome lord.
 The gnome lord hits!
 You miss the gnome lord.
 The gnome lord hits!
 You die...
 Do you want your possessions identified? [ynq] (y) q

Inventory:
 Coins    ('$')
  $ - 24 gold pieces
 Amulets  ('"')
  q - an uncursed amulet of life saving
 Weapons  (')')
  a - a +1 long sword (weapon in right hand)
 Armor    ('[')
  d - an uncursed +0 helmet (being worn)
  f - an uncursed +0 pair of leather gloves (being worn)
  e - an uncursed +0 small shield (being worn)
  c - an uncursed +1 ring mail (being worn)
 Comestibles  ('%')
  g - 14 uncursed apples
  h - 11 uncursed carrots
  m - an uncursed food ration
  i - an uncursed tripe ration
 Scrolls  ('?')
  p - an uncursed scroll of light
  n - an uncursed scroll of teleportation
 Spellbooks  ('+')
  k - an uncursed spellbook of healing
 Potions  ('!')
  r - an uncursed potion of extra healing
  l - 2 uncursed potions of healing
  s - an uncursed potion of paralysis
 Tools    ('(')
  j - an uncursed brass lantern

Drastanta the Knight's attributes:

Background:
 You were a Gallant, a level 2 male human Knight.
 You were lawful, on a mission for Lugh
 who was opposed by Brigit (neutral) and Manannan Mac Lir (chaotic).
 You were right-handed.
 You were in the Gnomish Mines, on level 4.
 You entered the dungeon 812 turns ago.
 You had 29 experience points, 11 more were needed to attain level 3.

Basics:
 You had 0 out of 19 hit points.
 You had all 7 energy points (spell power).
 Your armor class was 3.
 Your wallet contained 24 zorkmids.
 Autopickup was on for '$' plus thrown.

Final Characteristics:
 Your strength was 16 (limit:18/100).
 Your dexterity was 8 (limit:18).
 Your constitution was 12 (limit:18).
 Your intelligence was 9 (limit:18).
 Your wisdom was 14 (limit:18).
 Your charisma was 17 (limit:18).

Final Status:
 You weren't hungry.
 You were unencumbered.
 You were wielding a long sword.
 You had basic skill with long sword.

Final Attributes:
 You were fervently aligned.
 You were invisible.
 You could jump.
 You were warded.
 You are dead.

Miscellaneous:
 You didn't encounter any bones levels.
 Total elapsed playing time was 4 minutes and 29 seconds.

Major events:
 Turn
    1: Drastanta the lawful male human Knight entered the dungeon
  756: entered the Gnomish Mines
  812: killed by a gnome lord

You didn't know any spells.

Skills:
 Fighting Skills
   bare handed combat [Unskilled]
   two weapon combat  [Unskilled]
   riding             [Basic]
 Weapon Skills
   dagger             [Unskilled]
   knife              [Unskilled]
   axe                [Unskilled]
   pick-axe           [Unskilled]
   short sword        [Unskilled]
   broadsword         [Unskilled]
   long sword         [Basic]
   two-handed sword   [Unskilled]
   saber              [Unskilled]
   club               [Unskilled]
   mace               [Unskilled]
   morning star       [Unskilled]
   flail              [Unskilled]
   hammer             [Unskilled]
   polearms           [Unskilled]
   spear              [Unskilled]
   trident            [Unskilled]
   lance              [Basic]
   bow                [Unskilled]
   crossbow           [Unskilled]
 Spellcasting Skills
   attack spells      [Unskilled]
   healing spells     [Unskilled]
   clerical spells    [Unskilled]

Voluntary challenges:
 Character rerolling was not enabled.
 You followed a strict vegan diet.
 You were an atheist.
 You were illiterate.
 You never genocided any monsters.
 You never polymorphed an object.
 You never changed form.
 You used no wishes.
Achievement:
 You entered the Gnomish Mines.

 The Dungeons of Doom: levels 1 to 4
    Level 1:
       A sink.
    Level 2:
       A sink.
    Level 3:
       A fountain.
       Stairs down to The Gnomish Mines.
    Level 4:
 The Gnomish Mines:
    Level 4: <- You were here.
       Final resting place for
          you, killed by a gnome lord.


Vanquished creatures:
  2 gnomes
  a gecko
  a jackal
  a kobold
  a goblin
  a sewer rat
  a grid bug
  a lichen
  a kobold zombie
  2 newts
12 creatures vanquished.

No species were genocided or became extinct.

Game over:
                       ----------
                      /          \
                     /    REST    \
                    /      IN      \
                   /     PEACE      \
                  /                  \
                  |    Drastanta     |
                  |      24 Au       |
                  |   killed by a    |
                  |    gnome lord    |
                  |                  |
                  |                  |
                  |       2026       |
                 *|     *  *  *      | *
        _________)/\\_//(\/(/\)/\//\/|_)_______

Fare thee well Drastanta the Knight...

You died in The Gnomish Mines on dungeon level 4 with 288 points,
and 24 pieces of gold, after 812 moves.
You were level 2 with a maximum of 19 hit points when you died.

